General information
- name: BNet
- type: Ladder 1vs1/FFA
- host: Battle.net
- saver: iLovePom
map: CentaurGrove
- players: 2
- length: 28:04
- speed: Fast
- version: 1.26 W3XP
- replay type: Public
» download(92 KB)
Players
team 1 (loser)

»
amarildo1977 (
blue | 64 APM | 1806 actions | 28:03)
4 Blademaster
2 Wind Walk
2 Critical Strike
4 Tauren Chieftain
2 Endurance Aura
2 War Stomp
3 Far Seer
2 Feral Spirit
1 Far Sight
» actions
| Assign group hotkey | 6 | |
| Basic commands | 2 | |
| Build / train | 84 | |
| Enter build submenu | 19 | |
| Enter hero's abilities submenu | 11 | |
| Give item / drop item | 3 | |
| Right click | 1369 | |
| Select / deselect | 187 | |
| Select group hotkey | 86 | |
| Use ability | 39 | |
1806 total
» units
| Peon | 22 | |
| Troll Headhunter/Berserker | 9 | |
| Wind Rider | 17 | |
| Raider | 1 | |
| Goblin Shredder | 1 | |
50 total
» upgrades
| Pillage | 1 | |
| Ranged Weapons | 3 | |
| Spiked Barricades | 2 | |
| Troll Regeneration | 1 | |
| Backpack | 1 | |
| Envenomed Spears | 1 | |
| Armor | 3 | |
| Ensnare | 1 | |
| Reinforced Defenses | 1 | |
14 total
» buildings
| Orc Burrow | 8 | |
| Altar of Storms | 1 | |
| Barracks | 1 | |
| War Mill | 1 | |
| Stronghold | 1 | |
| Voodoo Lounge | 1 | |
| Fortress | 1 | |
| Beastiary | 1 | |
| Spirit Lodge | 1 | |
| Great Hall | 5 | |
21 total
» build order
00:23 Orc Burrow
00:39 Altar of Storms
00:54 Barracks
01:53 Orc Burrow
02:03 War Mill
04:07 Stronghold
04:25 Voodoo Lounge
04:53 Orc Burrow
06:17 Orc Burrow
08:38 Fortress
08:50 Beastiary
09:20 Orc Burrow
10:27 Orc Burrow
10:46 Spirit Lodge
11:40 Orc Burrow
15:24 Great Hall
17:17 Great Hall
20:06 Great Hall
20:59 Orc Burrow
22:37 Great Hall
22:44 Great Hall
» items
| Potion of Healing | 1 | |
| Healing Salve | 1 | |
| Scroll of Town Portal | 1 | |
| Orb of Lightning | 1 | |
4 total
team 2 (winner)
iLovePom (
green | 80 APM | 2259 actions | 28:04)
5 Archmage
2 Blizzard
3 Brilliance Aura
3 Blood Mage
2 Flame Strike
1 Siphon Mana
3 Goblin Alchemist
2 Acid Bomb
1 Chemical Rage
» actions
| Assign group hotkey | 73 | |
| Basic commands | 62 | |
| Build / train | 135 | |
| ESC pressed | 6 | |
| Enter build submenu | 51 | |
| Enter hero's abilities submenu | 11 | |
| Give item / drop item | 6 | |
| Remove unit from queue | 3 | |
| Right click | 922 | |
| Select / deselect | 420 | |
| Select group hotkey | 281 | |
| Use ability | 289 | |
2259 total
» units
| Peasant | 26 | |
| Goblin Shredder | 4 | |
| Goblin Zeppelin | 1 | |
| Sorceress | 3 | |
| Razormane Medicine Man | 2 | |
| Dragonhawk Rider | 5 | |
41 total
» upgrades
| Masonry | 3 | |
| Swords | 3 | |
| Armor | 3 | |
| Sorceress Training | 2 | |
| Magic Sentry | 1 | |
| Priest Training | 2 | |
| Storm Hammers | 1 | |
| Cloud | 1 | |
| Animal War Training | 1 | |
| Plating | 2 | |
| Gunpowder | 2 | |
21 total
» buildings
| Altar of Kings | 1 | |
| Farm | 14 | |
| Arcane Vault | 2 | |
| Scout Tower | 41 | |
| Lumber Mill | 1 | |
| Arcane Tower | 8 | |
| Town Hall | 3 | |
| Guard Tower | 18 | |
| Keep | 1 | |
| Blacksmith | 2 | |
| Castle | 3 | |
| Arcane Sanctum | 2 | |
| Gryphon Aviary | 4 | |
| Barracks | 1 | |
101 total
» build order
00:08 Altar of Kings
00:15 Farm
00:37 Arcane Vault
01:05 Farm
01:14 Scout Tower
01:44 Lumber Mill
02:02 Arcane Tower
02:14 Farm
03:40 Scout Tower
04:04 Scout Tower
04:05 Scout Tower
04:14 Arcane Tower
04:21 Town Hall
04:24 Scout Tower
04:27 Scout Tower
04:36 Guard Tower
04:41 Guard Tower
04:53 Scout Tower
05:45 Guard Tower
06:05 Scout Tower
06:05 Scout Tower
06:09 Arcane Tower
06:15 Scout Tower
06:16 Scout Tower
06:18 Scout Tower
06:20 Scout Tower
06:25 Scout Tower
06:35 Guard Tower
06:38 Scout Tower
06:41 Arcane Tower
06:53 Arcane Tower
06:54 Guard Tower
06:54 Guard Tower
06:54 Guard Tower
08:01 Keep
08:05 Farm
08:09 Guard Tower
08:12 Scout Tower
08:15 Scout Tower
08:32 Guard Tower
08:36 Arcane Vault
08:47 Guard Tower
09:21 Blacksmith
09:22 Blacksmith
09:23 Guard Tower
10:22 Castle
10:23 Castle
10:29 Arcane Sanctum
10:30 Arcane Sanctum
10:37 Gryphon Aviary
10:38 Gryphon Aviary
12:25 Farm
12:26 Farm
12:26 Farm
12:27 Farm
15:20 Gryphon Aviary
15:20 Gryphon Aviary
15:27 Barracks
17:33 Farm
17:33 Farm
17:34 Farm
17:35 Farm
17:38 Farm
17:42 Farm
20:06 Town Hall
20:12 Scout Tower
20:13 Scout Tower
20:14 Scout Tower
20:15 Scout Tower
20:16 Scout Tower
20:16 Scout Tower
20:24 Scout Tower
20:25 Scout Tower
20:26 Scout Tower
20:27 Scout Tower
20:27 Scout Tower
20:28 Scout Tower
20:29 Scout Tower
20:29 Scout Tower
21:02 Arcane Tower
21:03 Guard Tower
21:20 Arcane Tower
21:21 Guard Tower
21:22 Guard Tower
21:55 Guard Tower
22:58 Town Hall
23:03 Scout Tower
23:03 Scout Tower
23:04 Scout Tower
23:05 Scout Tower
23:05 Scout Tower
23:06 Scout Tower
23:07 Scout Tower
23:08 Scout Tower
23:09 Scout Tower
23:10 Scout Tower
23:49 Guard Tower
25:22 Arcane Tower
25:23 Guard Tower
» items
| Scroll of Regeneration | 6 | |
| Lesser Clarity Potion | 4 | |
| Mechanical Critter | 1 | |
| Potion of Healing | 4 | |
| Ivory Tower | 1 | |
| Scroll of Town Portal | 2 | |
| Potion of Mana | 1 | |
| Boots of Speed | 2 | |
| Staff of Teleportation | 2 | |
| Periapt of Vitality | 1 | |
| Potion of Lesser Invulnerability | 1 | |
| Staff of Sanctuary | 1 | |
26 total
Chat log
(25:25 / All) amarildo1977: so corre
(25:28 / All) amarildo1977: cI RTOMA no
(25:32 / All) iLovePom: someone's a spic :D
(25:51 / All) amarildo1977: mh
(25:53 / All) iLovePom: LOL
(25:57 / All) iLovePom: why would i scan if i mh?
(26:11 / All) iLovePom: RAPED